 Seeded DCSS version 0.31-a0-1499-ge0622b2318 (webtiles) character file.

Game seed: 16090307882996012164 (custom seed)

149947 thriggle the Fighter (level 17, -5/138 HPs)
             Began as a Barachi Fighter on Dec 29, 2023.
             Was the Champion of Trog.
             Slain by a demonic crawler (12 damage)
             ... on level 3 of the Spider Nest.
             The game lasted 02:11:45 (22209 turns).

thriggle the Fighter (Barachi Fighter)             Turns: 22209, Time: 02:11:45

Health: -5/138     AC: 32    Str: 27    XL:     17   Next: 52%
Magic:  4/21       EV: 17    Int:  9    God:    Trog [******]
Gold:   2371       SH: 15    Dex: 15    Spells: 16/16 levels left

rFire   + + .        K - +9 lance "Wyrmbane" {slay drac, rPois rF+ rC+ AC+3}
rCold   + . .        R - +3 kite shield {reflect}
rNeg    . . .        l - +0 acid dragon scales
rPois   +            I - +2 hat
rElec   .            O - +2 cloak {rCorr}
rCorr   +            h - +2 pair of gloves
SInv    .            L - +1 pair of boots "Iwigh" {rF+ Regen+ Str+5 Stlth+}
Will    +++..        q - amulet of regeneration
Stlth   +++++        i - +4 ring of protection
HPRegen 3.03/turn    E - ring of Okawaru, Teaching {AC+4 Slay+4}
MPRegen 0.17/turn

%: reflection
@: strong-willed, on berserk cooldown, regenerating, slowed, studying Staves,
very slow
A: amphibious, slowness 1, strong legs 2, +LOS, horns 1
a: Hop, Renounce Religion, Berserk, Trog's Hand, Brothers in Arms


You were on level 3 of the Spider Nest.
You worshipped Trog.
Trog was exalted by your worship.
You visited 6 branches of the dungeon, and saw 26 of its levels.
You also visited: Volcano.

You collected 2873 gold pieces.
You spent 502 gold pieces at shops.

Inventory:

Hand Weapons
 m - a +5 heavy demon trident
 G - the +7 trident "Voikydd" {flame, *Rage rCorr Int-4 SInv}
   (You found it on level 7 of the Dungeon)

   Int-4:     It affects your intelligence (-4).
   SInv:      It lets you see invisible.
   *Rage:     It berserks you when you make melee attacks (+20% chance).
   rCorr:     It protects you from acid and corrosion.
 K - the +9 lance "Wyrmbane" (weapon) {slay drac, rPois rF+ rC+ AC+3}
   (You took it off Maggie on level 8 of the Dungeon)

   AC+3:      It affects your AC (+3).
   rF+:       It protects you from fire.
   rC+:       It protects you from cold.
   rPois:     It protects you from poison
 W - a +4 antimagic trident
Missiles
 e - 4 atropa-tipped darts
 f - 26 poisoned darts (quivered)
 n - 8 curare-tipped darts
 N - 2 throwing nets
 T - 15 boomerangs
Armour
 c - a +1 chain mail of fire resistance
 h - a +2 pair of gloves (worn)
 l - +0 acid dragon scales (worn)
 I - a +2 hat (worn)
 L - the +1 pair of boots "Iwigh" (worn) {rF+ Regen+ Str+5 Stlth+}
   (You acquired it on level 9 of the Dungeon)

   Str+5:     It affects your strength (+5).
   rF+:       It protects you from fire.
   Regen+:    It increases your rate of health regeneration.
   Stlth+:    It makes you more stealthy.
 O - a +2 cloak of preservation (worn)
 R - a +3 kite shield of reflection (worn)
Jewellery
 i - a +4 ring of protection (left hand)
 p - a ring of resist corrosion
 q - an amulet of regeneration (around neck)
 x - an amulet of guardian spirit
 C - a ring of protection from cold
 E - the ring of Okawaru, Teaching (right hand) {AC+4 Slay+4}
   (You found it on level 7 of the Dungeon)

   [ring of protection]

   AC+4:      It affects your AC (+4).
   Slay+4:    It affects your accuracy & damage with ranged weapons and melee
   (+4).
 P - a ring of see invisible
Wands
 s - a wand of light (7)
 w - a wand of iceblast (8)
 J - a wand of polymorph (14)
 M - a wand of digging (11)
 Q - a wand of mindburst (8)
 S - a wand of flame (20)
 Z - a wand of charming (13)
Scrolls
 u - 5 scrolls of enchant weapon
 v - 5 scrolls of identify
 y - 2 scrolls of revelation
 z - 3 scrolls of immolation
 A - a scroll of silence
 D - 9 scrolls of teleportation
 U - a scroll of fog
 V - 2 scrolls of poison
Potions
 a - 2 potions of magic
 b - 2 potions of invisibility
 d - 4 potions of might
 g - 2 potions of berserk rage
 j - 3 potions of haste
 k - 4 potions of mutation
 o - 5 potions of enlightenment
 r - 5 potions of attraction
 t - 11 potions of curing
 H - 5 potions of lignification
 X - a potion of cancellation
 Y - 3 potions of heal wounds
Miscellaneous
 F - a tin of tremorstones (2/2)


   Skills:
 + Level 13.7 Fighting
 + Level 13.5 Polearms
 + Level 11.0 Throwing
 + Level 13.4 Armour
 + Level 11.8 Dodging
 + Level 10.9 Stealth
 + Level 12.2 Shields
 - Level 5.4 Invocations
 + Level 10.9 Evocations


You had 16 spell levels left.
You didn't know any spells.
Your spell library contained the following spells:

 Spells                   Type           Power      Damage    Failure   Level
 Scorch                   Fire           0%         2d5       73%         2
 Dazzling Flash           Conj/Hex       0%         N/A       91%         3
 Mephitic Cloud           Conj/Alch/Air  0%         N/A       91%         3
 Flame Wave               Conj/Fire      0%         2d4       100%        4
 Curse of Agony           Necr           0%         N/A       100%        5
 Silence                  Hex/Air        0%         N/A       100%        5
 Summon Cactus Giant      Summ           0%         N/A       100%        6


Dungeon Overview and Level Annotations

Branches:
Dungeon (14/15)            Temple (1/1) D:4            Lair (5/5) D:9
  Swamp (1/4) Lair:2       Spider (3/4) Lair:2        Slime (0/5) Lair:4
    Orc (2/2) D:9             Elf (0/3) Orc:2        Vaults (0/5) D:14
Volcano (visited)

Altars:
Ashenzari
Cheibriados
Dithmenos
Elyvilon
Fedhas
Gozag
Hepliaklqana
Kikubaaqudgha
Makhleb
Nemelex Xobeh
Okawaru
Qazlal
Ru
Sif Muna
Trog
Uskayaw
Vehumet
Wu Jian
Xom
Yredelemnul
Zin
The Shining One
Ignis
Jiyva

Shops:
D:2 =   D:4 !   D:13 [   Orc:1 *   Orc:2 [*::

Annotations:
D:10 2 runed translucent doors, BigPumpCobain's ghost, novice MiBe
D:14 Rupert


Innate Abilities, Weirdness & Mutations

You are amphibious.
You cover ground slowly.
You can hop long distances.
You have an extended range of vision and can be seen from far away.
You have a pair of small horns on your head.


Message History

The demonic crawler hits you but does no damage.
The demonic crawler hits you! The demonic crawler barely misses you.
The tarantella touches you but does no damage.
You impale the broodmother!! You headbutt the broodmother.
The broodmother is severely wounded.
The redback completely misses you. The broodmother closely misses you.
You block the redback's attack. You block the tarantella's attack.
You block the demonic crawler's attack.
The demonic crawler hits you but does no damage.
The demonic crawler hits you.
The redback bites you but does no damage.
You puncture the broodmother!
The broodmother is severely wounded.
The redback disappears in a puff of smoke!
The redback bites you but does no damage.
The broodmother summons a spider!
You block the tarantella's attack. You block the redback's attack.
The demonic crawler hits you but does no damage.
You block the demonic crawler's attack. The demonic crawler barely misses you.
The redback completely misses you. The broodmother bites you!!
* * * LOW HITPOINT WARNING * * *
Okay, then.
Your skin crawls.
You feel strong-willed.
The tarantella disappears in a puff of smoke!
You block the redback's attack.
The redback bites you but does no damage.
The culicivora chitters at the broodmother.
The broodmother is healed somewhat.
The demonic crawler hits you but does no damage.
The demonic crawler barely misses you. You block the demonic crawler's attack.
You block the tarantella's attack. The broodmother bites you.
* * * LOW HITPOINT WARNING * * *
A spider bursts forth from the wound!
The redback bites you!
* * * LOW HITPOINT WARNING * * *
The redback bites you but does no damage.
The demonic crawler hits you!
* * * LOW HITPOINT WARNING * * *
The demonic crawler misses you. The demonic crawler hits you!
You die...

....#......#....*,*
#...^.##..#.....,**
.........#.....#**
...#..#..^#...=s*###
####,,*##.......*..##
,,**,,^#.......#,...#
*,**,,*#.....s.##.s.###
,,,**,*##.....ss#s....#
,,,***##......ss@#/...#
,,,*,,#.#^.#...ss....^#
,,**,,,,..#......#....#
,*,*,,^,#.#....#.#..#.#
****#*###^###†.......^#
*,,##.#^#.^##†....#..##
,,,.......$...........#
,,,,*#....#..†........#
***######.†...........#


You could see a broodmother (very poisoned), a demonic crawler, an orb spider
(summoned), a culicivora (summoned), 3 tarantellas and 2 redbacks.

Vanquished Creatures
  Arachne (Spider:2)
  Mlioglotl (Spider:3)
  Asterion (Spider:2)
  Gastronok (D:8)
  Aizul (Spider:1)
  Donald (Spider:1)
  3 ghost moths
  An orc warlord (Orc:1)
  A broodmother (Spider:3)
  Nessos (Lair:5)
  2 spark wasps (Spider:3)
  2 bunyips (Swamp:1)
  A shambling mangrove (Swamp:1)
  4 hydras
  A rakshasa (D:13)
  A jorogumo (Spider:2)
  2 centaur warriors
  2 catoblepae
  2 ogre magi (Orc:2)
  7 boulder beetles
  14 two-headed ogres
  15 death yaks
  A deep troll shaman (Lair:5)
  A death scarab (Spider:2)
  2 alligators
  6 demonic crawlers
  An orc high priest (Orc:2)
  Sonja (D:10)
  4 pharaoh ants
  A skyshark (Lair:4)
  Lodul (D:10)
  11 orb spiders
  2 deep trolls (Orc:2)
  2 goliath frogs (Swamp:1)
  2 deep elf archers (Volcano)
  6 steelbarb worms
  4 bog bodies (Swamp:1)
  A sun moth (Spider:1)
  An orc knight (Orc:2)
  A swamp dragon (Swamp:1)
  9 deep elf pyromancers (Volcano)
  4 ugly things
  12 wolf spiders
  2 manticores
  A will-o-the-wisp (Swamp:1)
  7 cyclopes
  An ice statue (D:12)
  3 meliai (Spider:2)
  2 kobold blastminers (Orc:2)
  27 elephants
  8 black mambas
  11 cane toads
  4 torpor snails
  Maggie (D:8)
  4 gargoyles
  A kobold demonologist (D:12)
  An unseen horror (D:12)
  2 rime drakes (Lair:5)
  9 komodo dragons
  12 trolls
  A merfolk (D:9)
  7 polar bears
  A tyrant leech (Swamp:1)
  4 hornets
  8 tarantellas
  26 blink frogs
  15 jumping spiders
  A shadow (D:13)
  3 wraiths
  11 culicivoras
  4 wyverns
  28 yaks
  6 slime creatures (D:12)
  A vampire (D:12)
  23 fire elementals
  4 basilisks
  3 fire bats (Orc:1)
  Eustachio (D:6)
  6 wargs (Orc:1)
  21 redbacks
  Grum (D:8)
  A steam dragon (D:6)
  A vampire mosquito (Spider:2)
  A spriggan (Swamp:1)
  Edmund (D:6)
  6 swamp worms (Swamp:1)
  27 water moccasins
  5 acid dragons
  7 hell hounds (Volcano)
  Duvessa (D:6)
  5 swamp drakes (Swamp:1)
  5 black bears
  18 orc warriors
  2 sky beasts
  An ice beast (D:4)
  30 ogres
  17 wolves
  11 centaurs
  A phantom (D:5)
  A kobold brigand (D:10)
  A wyvern zombie (D:7)
  A gnoll sergeant (D:9)
  11 bullfrogs
  A necrophage (D:7)
  Blork the orc (D:6)
  5 scorpions
  Dowan (D:6)
  33 wights
  2 bullfrog zombies (D:7)
  9 howler monkeys
  A centaur zombie (D:7)
  A human zombie (D:7)
  13 orc priests
  3 hounds (D:5)
  2 jellies
  2 sleepcaps
  3 gnoll boudas
  2 iguanas
  13 orc wizards
  2 killer bee zombies (D:7)
  2 howler monkey zombies (D:7)
  7 adders
  22 gnolls
  A white imp (D:7)
  4 ufetubi (D:6)
  3 ribbon worms
  11 dart slugs (D:4)
  65 orcs
  7 ball pythons
  6 bats
  6 endoplasms
  3 giant cockroaches
  4 goblins
  9 hobgoblins
  6 jackals (D:1)
  3 quokkas
  5 frilled lizards
  16 kobolds
  3 rats
  A butterfly (D:4)
841 creatures vanquished.

Vanquished Creatures (collateral kills)
  A tarantella (Spider:3)
  A culicivora (Spider:3)
  2 jumping spiders (Spider:3)
  A redback (Spider:3)
5 creatures vanquished.

Vanquished Creatures (others)
  An ugly thing (D:8)
  A cane toad (Lair:5)
  A wolf (D:8)
  A centaur (D:11)
  2 foxfires (Swamp:1)
6 creatures vanquished.

Grand Total: 852 creatures vanquished

Notes
Turn   | Place    | Note
-------+----------+-------------------------------------------
     0 | D:1      | thriggle the Barachi Fighter began the quest for the Orb.
     0 | D:1      | Reached XP level 1. HP: 18/18 MP: 1/1
   155 | D:1      | Reached XP level 2. HP: 24/25 MP: 2/2
   228 | D:1      | You fall into a shaft and drop 1 floor!
   242 | D:2      | Reached XP level 3. HP: 29/30 MP: 3/3
   637 | D:1      | Reached skill level 1 in Throwing
   637 | D:1      | Reached skill level 1 in Dodging
   640 | D:1      | Reached XP level 4. HP: 30/37 MP: 4/4
   737 | D:2      | Reached skill level 1 in Stealth
   743 | D:2      | Gained mutation: You have a pair of small horns on your
                  | head. [potion of mutation]
   789 | D:2      | Found a radiant altar of Vehumet.
   838 | D:2      | Found a faded altar of an unknown god.
   857 | D:2      | Prayed at the altar of an unknown god.
   857 | D:2      | Became a worshipper of Ignis, the Dying Flame
   864 | D:2      | Found Xusyledi's Jewellery Emporium.
  2063 | D:4      | Noticed an ogre
  2063 | D:4      | Found Baunaude's Distillery.
  2070 | D:4      | Killed an ogre
  2071 | D:4      | Reached XP level 5. HP: 37/43 MP: 5/5
  2098 | D:4      | Bought a potion of degeneration for 11 gold pieces
  2098 | D:4      | Bought a potion of curing for 33 gold pieces
  2098 | D:4      | Bought a potion of invisibility for 88 gold pieces
  2111 | D:4      | Noticed an ice beast
  2121 | D:4      | Killed an ice beast
  2122 | D:4      | Reached skill level 1 in Invocations
  2122 | D:4      | Reached skill level 1 in Evocations
  2122 | D:4      | Reached XP level 6. HP: 42/49 MP: 6/6
  2373 | D:4      | Reached XP level 7. HP: 51/55 MP: 8/8
  2402 | D:4      | Found a staircase to the Ecumenical Temple.
  2841 | D:4      | Found a shimmering altar of Xom.
  2841 | D:4      | Found an ornate altar of the Wu Jian Council.
  2932 | D:5      | Entered Level 5 of the Dungeon
  3245 | D:5      | Reached skill level 5 in Fighting
  3824 | D:6      | Noticed Edmund
  3828 | D:6      | Reached skill level 5 in Armour
  3828 | D:6      | Reached XP level 8. HP: 62/62 MP: 9/9
  3851 | D:6      | Killed Edmund
  4044 | D:6      | Reached skill level 5 in Shields
  4151 | D:6      | Reached XP level 9. HP: 67/69 MP: 11/11
  4187 | D:6      | Noticed Eustachio
  4215 | D:6      | Killed Eustachio
  4435 | D:6      | Noticed Blork the orc
  4442 | D:6      | Killed Blork the orc
  4551 | D:6      | Noticed Duvessa
  4551 | D:6      | Noticed Dowan
  4569 | D:6      | Killed Dowan
  4573 | D:6      | Killed Duvessa
  4639 | D:6      | Found a stormy altar of Qazlal.
  4776 | D:6      | Reached skill level 5 in Polearms
  4824 | D:7      | Identified the ring of Okawaru, Teaching {AC+4 Slay+4}
  5220 | D:7      | Identified the +7 trident "Voikydd" {flame, *Rage rCorr
                  | Int-4 SInv}
  5342 | D:7      | Reached XP level 10. HP: 66/77 MP: 10/12
  5652 | D:7      | Found a basalt altar of Yredelemnul.
  5803 | D:8      | Noticed Maggie
  5806 | D:8      | Noticed Gastronok
  5810 | D:8      | Noticed Grum
  5815 | D:8      | Killed Maggie
  5820 | D:8      | Reached skill level 5 in Dodging
  5825 | D:8      | Killed Grum
  5838 | D:8      | Killed Gastronok
  5839 | D:8      | Reached skill level 5 in Throwing
  5839 | D:8      | Reached skill level 5 in Stealth
  5842 | D:8      | Killed a red ugly thing
  5990 | D:8      | Noticed a gargoyle
  6011 | D:8      | Killed a gargoyle
  6012 | D:8      | Reached XP level 11. HP: 68/85 MP: 11/14
  6084 | D:8      | Noticed a two-headed ogre
  6096 | D:8      | Killed a two-headed ogre
  7006 | Temple   | Entered the Ecumenical Temple
  7082 | Temple   | Fell from the grace of Ignis
  7082 | Temple   | Became a worshipper of Trog the Wrathful
  7233 | D:9      | Found a burning altar of Makhleb.
  7236 | D:9      | Identified a scroll of acquirement
  7236 | D:9      | Acquired the +1 pair of boots "Iwigh" {rF+ Regen+ Str+5
                  | Stlth+}
  7248 | D:9      | Found an opulent altar of Gozag.
  7329 | D:9      | Noticed a two-headed ogre
  7337 | D:9      | Killed a two-headed ogre
  7352 | D:9      | Found a staircase to the Lair.
  7550 | D:9      | Reached * piety under Trog
  7567 | D:9      | Found a stormy altar of Qazlal.
  7577 | D:9      | Reached skill level 5 in Invocations
  7665 | D:9      | Found a staircase to the Orcish Mines.
  7979 | D:9      | Reached ** piety under Trog
  8108 | D:10     | Entered Level 10 of the Dungeon
  8234 | D:10     | Noticed Lodul
  8244 | D:10     | Killed Lodul
  8246 | D:10     | Noticed a two-headed ogre
  8255 | D:10     | Killed a two-headed ogre
  8265 | D:10     | Reached XP level 12. HP: 71/94 MP: 10/15
  8364 | D:10     | Noticed a two-headed ogre
  8597 | D:10     | Reached skill level 5 in Evocations
  8642 | D:10     | Killed a two-headed ogre
  8933 | D:10     | Found a runed translucent door.
  8934 | D:10     | Noticed a lich
  8934 | D:10     | Noticed a centaur warrior
  8934 | D:10     | Noticed a great orb of eyes
  8935 | D:10     | Noticed BigPumpCobain's ghost (novice MiBe)
  8942 | D:10     | Found a runed translucent door.
  8947 | D:10     | Noticed Sonja
  8953 | D:10     | Killed Sonja
  9718 | D:11     | Reached *** piety under Trog
  9739 | D:11     | Noticed a two-headed ogre
  9749 | D:11     | Killed a two-headed ogre
  9769 | D:11     | Noticed a two-headed ogre
  9775 | D:11     | Killed a two-headed ogre
 10295 | D:12     | Noticed a centaur warrior
 10305 | D:12     | You fall into a shaft and drop 1 floor!
 10319 | D:13     | Noticed a rakshasa
 10321 | D:13     | Noticed a boulder beetle
 10336 | D:13     | Killed a rakshasa
 10350 | D:13     | Killed a boulder beetle
 10381 | D:12     | Noticed a boulder beetle
 10414 | D:12     | Killed a boulder beetle
 10491 | D:12     | Killed a centaur warrior
 10495 | D:12     | Gained mutation: You can hop long distances. [Barachi
                  | growth]
 10495 | D:12     | Reached XP level 13. HP: 101/101 MP: 15/17
 11072 | D:12     | Reached skill level 10 in Polearms
 11439 | D:12     | Was forgiven by Ignis
 11625 | D:13     | Reached skill level 10 in Fighting
 11710 | D:13     | Found Kehe's Antique Armour Shop.
 12104 | D:13     | Reached **** piety under Trog
 12227 | D:14     | Noticed Rupert
 12227 | D:14     | Found a gate to the Vaults.
 12376 | Orc:1    | Entered Level 1 of the Orcish Mines
 12381 | Orc:1    | Found Iblaten's General Store.
 12398 | Orc:2    | Entered Level 2 of the Orcish Mines
 12398 | Orc:2    | Found a staircase to the Elven Halls.
 12521 | Orc:1    | Noticed an orc warlord
 12526 | Orc:1    | Found a dark tunnel.
 12564 | Volcano  | Entered a volcano
 12649 | Volcano  | Reached skill level 10 in Armour
 12651 | Volcano  | Reached ***** piety under Trog
 12879 | Orc:1    | Killed an orc warlord
 12880 | Orc:1    | Reached XP level 14. HP: 93/111 MP: 15/18
 12885 | Orc:1    | Received a gift from Trog
 13418 | Orc:1    | Bought a potion of curing for 39 gold pieces
 13558 | Orc:2    | Paralysed by an ogre mage for 2 turns
 13566 | Orc:2    | Received a gift from Trog
 13579 | Orc:2    | Found Vosmezxe's Book Shop.
 13623 | Orc:2    | Found Kehun's Armour Shop.
 13628 | Orc:2    | Found Pivom's Book Emporium.
 13643 | Orc:2    | Found Oqio's General Store.
 13652 | Orc:2    | Bought a potion of heal wounds for 75 gold pieces
 13652 | Orc:2    | Bought a scroll of revelation for 112 gold pieces
 13652 | Orc:2    | Bought a wand of charming (4) for 144 gold pieces
 14018 | Lair:1   | Entered Level 1 of the Lair of Beasts
 14020 | Lair:1   | You fall into a shaft and drop 1 floor!
 14089 | Lair:2   | HP: 3/113 [culicivora (7)]
 14521 | Lair:1   | Reached skill level 10 in Shields
 15013 | Lair:2   | Found a hole to the Spider Nest.
 15022 | Lair:2   | Found a staircase to the Swamp.
 15114 | Lair:2   | Reached XP level 15. HP: 78/119 MP: 12/19
 16475 | Lair:4   | Reached skill level 10 in Dodging
 16515 | Lair:4   | Found a viscous altar of Jiyva.
 16517 | Lair:4   | Found a staircase to the Slime Pits.
 16617 | Lair:4   | Received a gift from Trog
 17367 | Lair:5   | Entered Level 5 of the Lair of Beasts
 17941 | Lair:5   | Reached XP level 16. HP: 129/129 MP: 20/20
 17966 | Lair:5   | Noticed Nessos
 17988 | Lair:5   | Killed Nessos
 18543 | Lair:5   | Received a gift from Trog
 18619 | Lair:5   | Upgraded the game from 0.31-a0-1469-gd420192249 to
                  | 0.31-a0-1499-ge0622b2318
 18715 | Spider:1 | Entered Level 1 of the Spider Nest
 18819 | Spider:1 | Reached skill level 10 in Throwing
 19048 | Spider:1 | Reached skill level 10 in Stealth
 19308 | Spider:1 | Identified the serpent talisman of the Heavens {Str+2}
 19308 | Spider:1 | Noticed Aizul
 19324 | Spider:1 | Killed Aizul
 19531 | Spider:1 | Reached skill level 10 in Evocations
 19733 | Spider:2 | Noticed Donald
 19733 | Spider:2 | Noticed Asterion
 19912 | Spider:2 | Identified the +9 glaive of the Blushing Eel {freeze,
                  | rElec}
 20115 | Spider:2 | Noticed Arachne
 20217 | Swamp:1  | Entered Level 1 of the Swamp
 20228 | Swamp:1  | Reached ****** piety under Trog
 20780 | Spider:1 | Killed Donald
 20823 | Spider:2 | Noticed an Executioner
 20828 | Spider:2 | You fall into a shaft and drop 1 floor!
 21033 | Spider:3 | Received a gift from Trog
 21093 | Spider:3 | Reached XP level 17. HP: 122/137 MP: 19/21
 21312 | Spider:2 | Killed Asterion
 21739 | Spider:2 | Killed Arachne
 22004 | Spider:3 | Identified the +3 sling of Ifewnum {flame, Str+4 Dex+2}
 22132 | Spider:3 | Noticed Mlioglotl
 22142 | Spider:3 | Noticed a Hell Sentinel
 22149 | Spider:3 | Noticed a tentacled starspawn
 22153 | Spider:3 | Killed Mlioglotl
 22209 | Spider:3 | Slain by a demonic crawler

Illustrated notes

Levels and vault maps discovered:
D:1:      minmay_arrival_arboretum_small, layout_rooms
D:2:      wander_river, layout_basic, shapermc_ecumenical_altar_mp_highgroup,
          serial_shops, nicolae_shop_gaudy_bauble, basic_altar,
          grunt_ministairs_3
D:3:      layout_loops_corners, serial_bayou_lagoon_b
D:4:      kennysheep_slugbush, layout_basic, nicolae_overflow_two_pavilions,
          minmay_temple_entry_butterflies, nicolae_stop_n_shop_1
D:5:      layout_loops_ring, minmay_hedge_maze
D:6:      layout_gridville, nicolae_qazlal_scattered_showers, uniq_duvessa,
          uniq_eustachio, uniq_blork_the_orc, uniq_edmund
D:7:      layout_cave_pods, lemuel_mausoleum_altar_yredelemnul, serial_glass,
          glass_columns_c, glass_columns_a, minmay_gold_behind_fungi
D:8:      lemuel_ice_spiral_2, layout_rooms, uniq_maggie, uniq_gastronok,
          uniq_grum
D:9:      layout_irregular_city, chequers_temple_overflow_statue_of_worship,
          david_lair_shrubbed, david_orc_5, roadster_trireme
D:10:     layout_loops_corners, muffindrake_ghost_dual_entry, uniq_lodul,
          uniq_sonja
D:11:     layout_roguey, minmay_fractal_squares_diagonal_5
D:12:     lemuel_ice_statue, layout_basic, grunt_decor_junction
D:13:     layout_cave_pods, serial_shops, nicolae_shop_window_shopping
D:14:     minmay_strange_plus, layout_cave_pools, david_vaults_3,
          ebering_ghost_reflecting_pool
Temple:   compressed_dpeg_triangle_lava_temple
Lair:1:   layout_loops_ring
Lair:2:   layout_hall_layers, mainiacjoe_swamp_entry_lozenge_pond,
          hellmonk_spider_entry_life_and_decay
Lair:3:   layout_regular_city, guppyfry_lair_drakes, lemuel_fruit_tree,
          grunt_megastairs_5
Lair:4:   layout_regular_city, slime_entry_1, serial_bayou_shore_a,
          infiniplex_staircase_pool_2
Lair:5:   grunt_lair_end_beastmaster, layout_cave_pods, serial_bayou_shore_b,
          uniq_nessos
Swamp:1:  layout_basic_swamp, evilmike_swamp_ruin_house_4, swamp_pool_5
Spider:1: layout_cave_pods, hangedman_spider_tarantella_strand, uniq_aizul
Spider:2: layout_cave_pods, einodemon_crawler_minivault, uniq_donald,
          uniq_arachne, uniq_asterion
Spider:3: nicolae_spider_hilbert_zone_5 [nicolae_spider_hilbert_3_sides_1_open,
          nicolae_spider_hilbert_4_sides_1_open,
          nicolae_spider_hilbert_4_sides_1_open,
          nicolae_spider_hilbert_6_sides_1_open,
          nicolae_spider_hilbert_6_sides_1_open], nicolae_orb_stairs,
          uniq_mlioglotl
Orc:1:    layout_diamond_mine, nicolae_volcano_entry_batcave, basic_altar,
          serial_shops, nicolae_shop_tiny_glass
Orc:2:    st_orc_open, layout_diamond_mine

Skill      XL: |  1  2  3  4  5  6  7  8  9 10 11 12 13 14 15 16 17 |
---------------+----------------------------------------------------+-----
Fighting       | 4 5 6 7 8 9 10 11 12 13 | 13.7
Throwing       | 1 2 3 4 5 6 7 8 9 10 11 | 11.0
Dodging        | 1 2 3 4 5 6 7 8 9 10 11 | 11.8
Armour         | 4 5 6 7 8 9 10 11 12 13 | 13.4
Stealth        | 1 2 3 4 5 6 7 8 9 10 | 10.9
Polearms       | 3 4 5 7 8 9 10 12 13 | 13.5
Shields        | 4 5 6 7 8 9 10 11 12 | 12.2
Invocations    | 1 2 3 4 5 |  5.4
Evocations     | 1 2 3 4 6 7 8 9 10 | 10.9

Action                     |  1- 3 |  4- 6 |  7- 9 | 10-12 | 13-15 | 16-18 || total
---------------------------+-------+-------+-------+-------+-------+-------++-------
  Melee: Trident           |   119 |   146 |   277 |    80 |    66 |    27 ||   715
         Headbutt          |       |    20 |    48 |   115 |   326 |   215 ||   724
         Lance             |       |       |       |   466 |  1256 |   713 ||  2435
         Demon trident     |       |       |       |       |       |    29 ||    29
  Throw: Boomerang         |       |     1 |     2 |     8 |    39 |   125 ||   175
         Stone             |       |       |       |    12 |       |       ||    12
         Dart              |       |       |       |    12 |     8 |    60 ||    80
 Invoke: Fiery Armour      |       |     3 |     8 |     2 |       |       ||    13
         Trog's Hand       |       |       |       |     1 |     5 |     7 ||    13
         Berserk           |       |       |       |       |     1 |       ||     1
Ability: Hop               |       |       |     2 |     2 |     6 |     1 ||    11
  Evoke: Wand              |       |       |       |       |       |     8 ||     8
    Use: Scroll            |       |     6 |     6 |    11 |     6 |     9 ||    38
         Potion            |       |     1 |     1 |       |     5 |     1 ||     8
   Stab: Sleeping          |       |       |       |     8 |    22 |    10 ||    40
         Distracted        |       |       |       |       |     2 |     5 ||     7
         Petrified         |       |       |       |       |     5 |       ||     5
 Armour: Scale mail        |    91 |   100 |   207 |       |       |       ||   398
         Ring mail         |       |       |    25 |   270 |   156 |       ||   451
         Leather armour    |       |       |       |    31 |       |       ||    31
         Acid dragon scale |       |       |       |       |   660 |   368 ||  1028
  Dodge: Dodged            |    57 |    70 |   139 |   209 |   563 |   346 ||  1384
  Block: Buckler           |    29 |    24 |    63 |    97 |    22 |       ||   235
         Kite shield       |       |       |       |       |   574 |   462 ||  1036
         Reflection        |       |       |       |       |       |     2 ||     2

Table legend: (Time is in decaauts)
 A = Elapsed time spent in this place.
 B = Non-inter-level travel time spent in this place.
 C = Inter-level travel time spent in this place.
 D = Time resting spent in this place.
 E = Time spent auto-exploring this place.
 F = Levels seen in this place.
 G = Mean time per level.
                   A        B        C        D        E       F      G
               +--------+--------+--------+--------+--------+-----+--------+
         Total |  24583 |  22429 |   2154 |   1011 |  12333 |  27 |  910.5 |
       Dungeon |  14066 |  12639 |   1427 |    656 |   7728 |  14 | 1004.7 |
        Temple |    118 |    108 |     10 |      0 |      0 |   1 |  118.0 |
          Lair |   5050 |   4770 |    280 |    100 |   2845 |   5 | 1010.0 |
         Swamp |    513 |    505 |      8 |      0 |    236 |   1 |  513.0 |
   Spider Nest |   3117 |   2859 |    258 |    247 |    967 |   3 | 1039.0 |
  Orcish Mines |   1419 |   1249 |    170 |      3 |    555 |   2 |  709.5 |
       Volcano |    297 |    297 |      0 |      3 |      0 |   1 |  297.0 |
               +--------+--------+--------+--------+--------+-----+--------+

Top non-repeatable levels by time:
    D:10: 1574 daAuts
     D:7: 1325 daAuts
    D:12: 1304 daAuts
  Lair:5: 1274 daAuts
Spider:2: 1271 daAuts
Spider:1: 1244 daAuts
     D:9: 1157 daAuts
     D:4: 1136 daAuts
     D:6: 1113 daAuts
     D:5: 1078 daAuts
     D:8: 1075 daAuts
     D:3: 1057 daAuts
  Lair:3: 1038 daAuts
  Lair:4: 1036 daAuts
    D:13: 978 daAuts
